 Dungeon Crawl Stone Soup version 0.28-a0-1080-g05a166d0ed (webtiles) character file.

Game seed: 5913235948114002022

21 ytrimaz the Sneak (level 2, -7/19 HPs)
             Began as an Octopode Brigand on Dec 9, 2021.
             Mangled by Natasha (9 damage)
             ... on level 2 of the Dungeon.
             The game lasted 00:01:42 (1104 turns).

ytrimaz the Sneak (Octopode Brigand)                Turns: 1104, Time: 00:01:43

Health: -7/19      AC:  1    Str: 10    XL:     2   Next: 87%
Magic:  2/2        EV: 13    Int: 19    God:
Gold:   33         SH:  0    Dex: 13    Spells: 2/2 levels left

rFire   . . .      SeeInvis .   f - +0 dagger (speed)
rCold   . . .      Faith    .   (no shield)
rNeg    . . .      Spirit   .   (helmet restricted)
rPois   .          Reflect  .   (no amulet)
rElec   .          Harm     .   d - +6 ring of intelligence
rCorr   .          Rampage  .   (no ring)
Will    .....                   (no ring)
Stlth   ++++......              (no ring)
HPRegen 0.06/turn               (no ring)
MPRegen 0.08/turn               (no ring)
                                (no ring)
                                (no ring)

@: slowed, very slow
A: almost no armour, amphibious, 8 rings, camouflage 1, gelatinous body 1,
(nimble swimmer 1), tentacles
a: no special abilities


You were on level 2 of the Dungeon.
You visited 1 branch of the dungeon, and saw 2 of its levels.

You collected 33 gold pieces.

Inventory:

Hand Weapons
 a - a +2 dagger
 f - a +0 dagger of speed (weapon)
Missiles
 b - 22 poisoned darts (quivered)
 c - 2 curare-tipped darts
Jewellery
 d - a +6 ring of intelligence (left tentacle)
Scrolls
 j - a scroll of enchant armour
Potions
 i - a potion of ambrosia {unknown}


   Skills:
 * Level 2.1 Fighting
 * Level 2.1 Short Blades
 - Level 2.0 Throwing
 - Level 1.2 Dodging
 + Level 6.0 Stealth
 - Level 0.2 Unarmed Combat
 * Level 0.5 Spellcasting


You had 2 spell levels left.
You didn't know any spells.
Your spell library contained the following spells:

 Spells                   Type           Power      Damage    Failure   Level
 Static Discharge         Conj/Air       0%         N/A       30%         2
 Lightning Bolt           Conj/Air       0%         1d11      99%         5
 Maxwell's Capacitive Co  Air            0%         ∞         100%        8


Dungeon Overview and Level Annotations

Branches:
Dungeon (2/15)

Altars:

Shops:
D:1 :

Annotations:
D:2 Natasha


Innate Abilities, Weirdness & Mutations

You cannot wear most types of armour.
You are amphibious.
You can wear up to eight rings at the same time.
Your skin changes colour to match your surroundings (Stealth+).
Your rubbery body absorbs attacks. (AC +1, EV +1)
((You are camouflaged near water. (Stealth+)))
You have tentacles for arms and can constrict up to eight enemies at once.


Message History

A goblin is nearby!
d - a +6 ring of intelligence
There are no items here.
You feel clever.
d - a +6 ring of intelligence (left tentacle) Unknown command.
You hit the goblin. You grab the goblin.
The goblin is heavily wounded.
You constrict the goblin. The goblin closely misses you.
You hit the goblin.
You kill the goblin!
Your Stealth skill increases to level 6!
No target in view!
You see here a +0 club.
Found a falchion.
Natasha, Servant of Life and Death comes into view.
Natasha is nearby!
Natasha is nearby!
Natasha hisses angrily.
Natasha casts a spell at you.
You feel yourself slow down.
You closely miss Natasha. Your grab misses Natasha. Natasha closely misses you.
You hit Natasha. You grab Natasha.
Natasha is lightly wounded.
You constrict Natasha, but do no damage.
Natasha claws you!
Unknown command.
You hit Natasha.
Natasha is heavily wounded.
You constrict Natasha. Natasha closely misses you.
You hit Natasha.
Natasha is heavily wounded.
You constrict Natasha, but do no damage.
Natasha claws you!
* * * LOW HITPOINT WARNING * * *
You hit Natasha.
Natasha is severely wounded.
You constrict Natasha, but do no damage.
Natasha claws you!
You die...

##.##.......# ##.##
.........#########.#
##.##.##...........#
#.# # #######..# #.#
########..# #.#
.......#..# #.#
.......#..# #..
.......#..# #..
......h@..#
.......#.##
.......#.#
....)..#.#
.........#
##########


You could see Natasha.

Vanquished Creatures
  An endoplasm (D:1)
  4 giant cockroaches (D:1)
  2 goblins
  3 hobgoblins (D:1)
  A quokka (D:1)
  2 ball pythons (D:1)
  3 kobolds (D:1)
  2 rats (D:1)
18 creatures vanquished.

Notes
Turn   | Place    | Note
-------+----------+-------------------------------------------
     0 | D:1      | ytrimaz the Octopode Brigand began the quest for the Orb.
     0 | D:1      | Reached XP level 1. HP: 14/14 MP: 1/1
   159 | D:1      | Found Majic's Book Boutique.
   232 | D:1      | Reached XP level 2. HP: 19/19 MP: 2/2
  1067 | D:2      | Reached skill level 6 in Stealth
  1098 | D:2      | Noticed Natasha
  1104 | D:2      | Mangled by Natasha

Illustrated notes

Levels and vault maps discovered:
D:1:      minmay_arrival_four_circles, layout_basic, serial_aquarium,
          aquarium_bridge_square [aquarium_subvault_window,
          aquarium_subvault_bridge, aquarium_subvault_window,
          aquarium_subvault_wall], aquarium_window_1, aquarium_window_fake,
          aquarium_window_corridor_1, aquarium_view_2g, aquarium_view_2d,
          aquarium_pool_side, serial_shops, shop
D:2:      layout_loops_ring, uniq_sigmund, uniq_natasha, uniq_crazy_yiuf_cottage

Skill      XL: |  1  2 |
---------------+-------+-----
Stealth        | 6 |  6.0
Fighting       | |  2.1
Short Blades   | |  2.1
Throwing       | |  2.0
Dodging        | |  1.2
Unarmed Combat | |  0.2
Spellcasting   | |  0.5

Action                   || total
-------------------------++-------
Melee: Dagger            ||    33
       Constrict         ||     9
       Tentacles         ||     5
  Use: Scroll            ||     5
 Stab: Sleeping          ||     8
Armor: Skin              ||     2
Dodge: Dodged            ||    11

Table legend: (Time is in decaauts)
 A = Elapsed time spent in this place.
 B = Non-inter-level travel time spent in this place.
 C = Inter-level travel time spent in this place.
 D = Time resting spent in this place.
 E = Time spent auto-exploring this place.
 F = Levels seen in this place.
 G = Mean time per level.
                   A        B        C        D        E       F      G
               +--------+--------+--------+--------+--------+-----+--------+
         Total |   1093 |   1002 |     91 |      0 |    875 |   2 |  546.5 |
       Dungeon |   1093 |   1002 |     91 |      0 |    875 |   2 |  546.5 |
               +--------+--------+--------+--------+--------+-----+--------+

Top non-repeatable levels by time:
     D:1: 1030 daAuts
     D:2: 63 daAuts
